 Dungeon Crawl Stone Soup version 0.22.1-2-g9c5b331 (webtiles) character file.

88 Matador8 the Grave Robber (level 4, -1/30 HPs)
             Began as a Human Necromancer on Dec 21, 2018.
             Slain by an adder (3 damage)
             ... on level 2 of the Dungeon.
             The game lasted 00:10:02 (1903 turns).

Matador8 the Grave Robber (Human Necromancer)       Turns: 1903, Time: 00:10:03

Health: -1/30      AC:  2    Str:  9    XL:     4   Next: 81%
Magic:  4/7        EV: 12    Int: 15    God:
Gold:   115        SH:  0    Dex: 14    Spells: 2/7 levels left

rFire    . . .     SeeInvis .   b - +0 dagger (speed)
rCold    . . .     Gourm    .   (no shield)
rNeg     . . .     Faith    .   a - +0 robe
rPois    .         Spirit   .   (no helmet)
rElec    .         Reflect  .   (no cloak)
rCorr    .         Harm     .   (no gloves)
MR       .....                  (no boots)
Stlth    ++........             (no amulet)
HPRegen  0.10/turn              (no ring)
MPRegen  0.10/turn              (no ring)

@: lethally poisoned (-1 -> -2)
A: no striking features
a: no special abilities


You were on level 2 of the Dungeon.
You were near starving.

You visited 1 branch of the dungeon, and saw 2 of its levels.

You collected 115 gold pieces.

Inventory:

Hand Weapons
 b - a +0 dagger of speed (weapon)
Missiles
 f - 5 poisoned needles
 i - 3 tomahawks (quivered)
 k - 19 sling bullets
Armour
 a - a +0 robe (worn)
Jewellery
 e - a +5 ring of protection {unknown}
Scrolls
 d - a scroll of remove curse {unknown}
 g - 2 scrolls of magic mapping {unknown}
 j - a scroll of blinking {unknown}
Potions
 h - a potion of agility {unknown}
 m - a potion of might {unknown}
 n - a potion of curing
Comestibles
 c - 4 rations
 l - 4 chunks of flesh


   Skills:
 - Level 2.0 Dodging
 + Level 3.2 Stealth
 - Level 2.0 Spellcasting
 * Level 5.3 Necromancy


You had 2 spell levels left.
You knew the following spells:

 Your Spells              Type           Power        Failure   Level  Hunger
a - Pain                  Necr           ###.         2%          1    #......
b - Animate Skeleton      Necr           N/A          2%          1    #......
c - Vampiric Draining     Necr           ###.......   8%          3    ###....

Your spell library contained the following spells:

 Spells                   Type           Power        Failure   Level  Hunger
 Regeneration             Chrm/Necr      #.........   22%         3    ###....
 Animate Dead             Necr           N/A          26%         4    #####..


Dungeon Overview and Level Annotations

Branches:
Dungeon (2/15)

Altars:
Dithmenos

Annotations:
D:2 Natasha


Message History

You hit the adder.
The adder is almost dead.
The adder bites you but does no damage.
You hit the adder.
The adder is almost dead.
The hobgoblin closely misses you.
You miss the adder.
The adder is almost dead.
The adder barely misses you. The hobgoblin barely misses you.
The adder hisses angrily.
You hit the adder.
You kill the adder!
The hobgoblin hits you.
* * * LOW HITPOINT WARNING * * *
Things that are here:
a dagger; a robe; an adder corpse
* * * LOW HITPOINT WARNING * * *
You feel sick. The hobgoblin closely misses you. The adder bites you.
You die...

###.#########. ## .. #.# #.
... #. . # #.# #. #..###. #.#
#Z# ##+ #..#.. ##.# ##.## ##..
##.....##..### #.Z.# ##...
.............## #..)# ##....
.........##...####...####.....
#..._...####g@..........'.<...
.........##.S#####...####.....
.............# ##..# ##..).
##.....##)..## ####.# ##...
#..#.. ##..# #....# ##..
#..###. #...# #.#### ##' S..
#g ..#.# #.# #. #. .. ...#.#
#.# #. ...##.#.# #.# ##.


You could see an adder and a hobgoblin.

Vanquished Creatures
  Jessica (D:2)
  Natasha (D:2)
  2 adders (D:2)
  5 goblins
  2 hobgoblins (D:2)
  3 kobolds
  2 bats (D:1)
  A frilled lizard (D:1)
  4 rats
21 creatures vanquished.

Vanquished Creatures (collateral kills)
  A bat (D:1)
  A frilled lizard (D:1)
2 creatures vanquished.

Grand Total: 23 creatures vanquished

Notes
Turn   | Place    | Note
-------+----------+-------------------------------------------
     0 | D:1      | Matador8 the Human Necromancer began the quest for the Orb.
     0 | D:1      | Reached XP level 1. HP: 13/13 MP: 3/3
    23 | D:1      | You fall through a shaft!
   499 | D:1      | Learned a level 1 spell: Animate Skeleton
   619 | D:1      | Reached XP level 2. HP: 9/19 MP: 5/5
  1208 | D:2      | Noticed Jessica
  1359 | D:2      | Reached XP level 3. HP: 16/24 MP: 2/6
  1361 | D:2      | Noticed Natasha
  1381 | D:2      | Killed Natasha
  1381 | D:2      | Reached skill level 5 in Necromancy
  1381 | D:2      | Reached XP level 4. HP: 6/30 MP: 0/7
  1400 | D:2      | Noticed Natasha
  1787 | D:2      | Learned a level 3 spell: Vampiric Draining
  1834 | D:2      | Killed Jessica
  1871 | D:2      | Found a shadowy altar of Dithmenos.
  1903 | D:2      | Slain by an adder

Skill      XL: |  1  2  3  4 |
---------------+-------------+-----
Necromancy     | 5 |  5.3
Stealth        | 3 |  3.2
Dodging        | |  2.0
Spellcasting   | |  2.0

Action                   |  1- 3 |  4- 6 || total
-------------------------+-------+-------++-------
Melee: Dagger            |    72 |    14 ||    86
 Cast: Pain              |    12 |     7 ||    19
       Animate Skeleton  |     5 |     2 ||     7
       Vampiric Draining |       |     1 ||     1
 Stab: Distracted        |     1 |       ||     1
       Sleeping          |     1 |       ||     1
  Eat: Chunk             |     2 |       ||     2
Armor: Robe              |    11 |     1 ||    12
Dodge: Dodged            |    37 |    14 ||    51
